 Dungeon Crawl Stone Soup version 0.14-a0-519-g334afa2 (webtiles) character file.

79 LostMyPassword the Poker (level 2, -1/21 HPs)
             Began as a Merfolk Skald on Nov 1, 2013.
             Slain by Sigmund
             ... wielding a +1,+2 scythe
              (5 damage)
             ... on Level 2 of the Dungeon.
             The game lasted 00:05:49 (777 turns).

LostMyPassword the Poker (Merfolk Skald)             Turns: 777, Time: 00:05:49

HP  -1/21        AC  3     Str 12      XL: 2   Next: 75%
MP   2/5         EV 10     Int 11      God:
Gold 60          SH  0     Dex 13      Spells:  3 memorised,  0 levels left

Res.Fire  : . . .   See Invis. : .   a - +0 spear
Res.Cold  : . . .   Warding    : .   b - +0 leather armour
Life Prot.: . . .   Conserve   : .   (no shield)
Res.Poison: .       Res.Corr.  : .   (no helmet)
Res.Elec. : .       Clarity    : .   (no cloak)
Sust.Abil.: . .     Spirit.Shd : .   (no gloves)
Res.Mut.  : .       Stasis     : .   (no boots)
Res.Rott. : .       Flight     : .   (no amulet)
Saprovore : . . .                    (no ring)
                                     (no ring)

@: not resistant to hostile enchantments, very unstealthy
A: change form in water, swift swim
a: no special abilities


You were on level 2 of the Dungeon.
You were not hungry.

You visited 1 branch of the dungeon, and saw 2 of its levels.

You collected 60 gold pieces.

Inventory:

Hand weapons
 a - a +0,+0 spear (weapon)
Armour
 b - a +0 leather armour (worn)
Comestibles
 d - a bread ration
 l - a chunk of giant gecko flesh
Scrolls
 e - a scroll of fear {unknown}
 g - a scroll of noise {unknown}
 h - 2 scrolls of recharging {unknown}
 i - a scroll of enchant armour {unknown}
 j - a scroll of random uselessness {unknown}
Potions
 f - a potion of speed {unknown}
 k - a potion of curing {unknown}
Books
 c - a book of Battle

   Spells                             Type                      Level
   *Infusion                          Charms                       1
   *Shroud of Golubria                Charms/Translocation         2
   *Song of Slaying                   Charms                       2
   Spectral Weapon                    Hexes/Charms                 3
   Regeneration                       Charms/Necromancy            3


   Skills:
 - Level 2.1 Fighting
 * Level 4.7 Polearms
 - Level 0.6 Armour
 - Level 1.3 Dodging
 - Level 2.0 Spellcasting
 - Level 3.2 Charms


You couldn't memorise any spells.
You knew the following spells:

 Your Spells              Type           Power        Failure   Level  Hunger
a - Infusion              Chrm           #.....       10%         1    ##.....
b - Song of Slaying       Chrm           #.......     14%         2    ###....
c - Shroud of Golubria    Chrm/Tloc      #.........   24%         2    ###....


Dungeon Overview and Level Annotations

Branches:
Dungeon (2/27)

Altars:

Annotations:
D:2 Sigmund


Message History

Sigmund is moderately wounded.
Attack whom?
Press: ? - help, Dir - move target cursor, f/p - Sigmund
Aim: Sigmund, wielding a scythe and wearing a robe (moderately wounded)
You reach to attack!
You hit Sigmund.
Sigmund is heavily wounded.
Sigmund hits you from afar with a scythe.
* * * LOW HITPOINT WARNING * * *
Attack whom?
Press: ? - help, Dir - move target cursor, f/p - Sigmund
Aim: Sigmund, wielding a scythe and wearing a robe (heavily wounded)
You reach to attack!
You completely miss Sigmund.
Sigmund is heavily wounded.
Attack whom?
Press: ? - help, Dir - move target cursor, f/p - Sigmund
Aim: Sigmund, wielding a scythe and wearing a robe (heavily wounded)
You reach to attack!
You closely miss Sigmund.
Sigmund is heavily wounded.
Sigmund hits you from afar with a scythe.
You die...

#.##.##................(
#.##.###.##......#...###
#<##.# #.##..##.##.....
##.##.###.##..##.# ....
..............##.##.....
................... ....
..............##@##.....
.........................
..............##@##...##
............@.##.# #
.......)......##.#
......................
.....................
####.#......)##.##..
#.#..#######.# .. .. #.#
.. #.#


You could see Sigmund.

Vanquished Creatures
  An adder (D:2)
  3 giant geckos
  2 bats (D:1)
  A goblin (D:1)
  A kobold (D:1)
  A rat (D:1)
9 creatures vanquished.

Notes
Turn   | Place    | Note
--------------------------------------------------------------
     0 | D:1      | LostMyPassword, the Merfolk Skald, began the quest for the Orb.
     0 | D:1      | Reached XP level 1. HP: 15/15 MP: 3/3
   260 | D:1      | Reached skill level 4 in Polearms
   260 | D:1      | Reached XP level 2. HP: 21/21 MP: 5/5
   268 | D:1      | Learned a level 2 spell: Song of Slaying
   606 | D:1      | Learned a level 2 spell: Shroud of Golubria
   753 | D:2      | Noticed Sigmund
   777 | D:2      | Slain by Sigmund

Action                   || total
-------------------------++-------
Melee: Spear             ||    44
 Cast: Infusion          ||     1
